 Dungeon Crawl Stone Soup version 0.21-a0-584-g185da8e (console) character file.

55 Mandevil the Ruffian (level 3, 0/29 HPs)
             Began as a Draconian Transmuter on Dec 21, 2017.
             Was a Follower of Uskayaw.
             Slain by Terence
             ... wielding a +2 mace of protection
              (3 damage)
             ... on level 2 of the Dungeon.
             The game lasted 00:04:34 (973 turns).

Mandevil the Ruffian (Draconian Transmuter)          Turns: 973, Time: 00:04:36

Health: 0/29       AC:  5    Str: 18    XL:     3   Next: 67%
Magic:  2/6        EV: 12    Int: 13    God:    Uskayaw [*.....]
Gold:   80         SH:  0    Dex: 11    Spells: 3/6 levels left

rFire    + . .     SeeInvis .     - Unarmed
rCold    x . .     Gourm    .   (no shield)
rNeg     . . .     Faith    .   (armour unavailable)
rPois    .         Spirit   .   (helmet restricted)
rElec    .         Reflect  .   (no cloak)
rCorr    .         Harm     .   (no gloves)
MR       .....                  (no boots)
Stlth    +.........             (no amulet)
HPRegen  0.09/turn              n - ring of fire
MPRegen  0.10/turn              (no ring)

@: mighty, lethally poisoned (0 -> -3)
A: unfitting armour, stinger 1, cold-blooded, AC +5
a: Stomp, Renounce Religion


You were on level 2 of the Dungeon.
You worshipped Uskayaw.
Uskayaw was noncommittal.
You were hungry.

You visited 1 branch of the dungeon, and saw 2 of its levels.

You collected 80 gold pieces.

Inventory:

Missiles
 a - 44 arrows
 i - 11 poisoned needles
 m - 12 sling bullets
 s - 36 stones (quivered)
Jewellery
 n - a ring of fire (left hand)
Scrolls
 d - 4 scrolls of identify {unknown}
 g - a scroll of remove curse {unknown}
 j - 2 scrolls of teleportation {unknown}
 k - 3 scrolls of magic mapping {unknown}
Potions
 e - a potion of mutation
 h - a potion of might
 l - a potion of degeneration {unknown}
Books
 b - a book of Changes

   Spells                             Type                      Level
   a - Beastly Appendage              Transmutation                1
   b - Sticks to Snakes               Transmutation                2
   c - Spider Form                    Transmutation/Poison         3
   d - Ice Form                       Ice/Transmutation            4
   e - Blade Hands                    Transmutation                5
Comestibles
 c - 3 rations
 f - 6 chunks of flesh


   Skills:
 + Level 2.0 Fighting
 + Level 2.2 Dodging
 + Level 3.3 Unarmed Combat
 + Level 2.4 Spellcasting
 + Level 2.5 Transmutations
 + Level 0.1 Invocations


You had 3 spell levels left.
You knew the following spells:

 Your Spells              Type           Power        Failure   Level  Hunger
a - Beastly Appendage     Tmut           #.....       9%          1    #......
b - Sticks to Snakes      Tmut           #.......     13%         2    ###....


Dungeon Overview and Level Annotations

Branches:
Dungeon (2/15)

Altars:
Uskayaw

Annotations:
D:2 Terence


Innate Abilities, Weirdness & Mutations

Your plain brown scales are hard. (AC +5)
You cannot fit into any form of body armour.
You are cold-blooded and may be slowed by cold attacks.
Your tail ends in a poisonous barb.


Message History

Terence is heavily wounded.
Terence hits you but does no damage.
Press: ? - help, v - describe, . - travel
Here: Terence, wielding a mace of protection and wearing a chain mail (heavily wounded)
The floor.
Unknown command.
It was a potion of mutation.
You feel extremely strange.
A poisonous barb forms on the end of your tail.
You feel clumsy.
You feel agile.
It was a potion of might.
You feel very mighty all of a sudden.
Terence hits you with a mace of protection.
* * * LOW HITPOINT WARNING * * *
You barely miss Terence. You headbutt Terence.
Terence is severely wounded.
Your horns disappear.
* * * LOW HITPOINT WARNING * * *
You feel sick.
Terence hits you with a mace of protection.
You die...

...#....................
........................
#...)...................
.................w.#....
.##....##...............
.##.)...................
...................#....
.............###.### ##.
.............###d#
...............#@#
...............#.#
.......#.........#
.......#..)<.##...
...)...#..)..##....
.......#......##....
..)..................
..))<..#.....##.##....


You could see Terence and a worm.

Vanquished Creatures
  2 adders
  A dart slug (D:1)
  2 leopard geckos (D:2)
  3 bats (D:1)
  3 giant cockroaches
  5 goblins
  4 hobgoblins
  7 kobolds
  A frilled lizard (D:1)
  A rat (D:2)
29 creatures vanquished.

Notes
Turn   | Place    | Note
-------+----------+-------------------------------------------
     0 | D:1      | Mandevil the Draconian Transmuter began the quest for the Orb.
     0 | D:1      | Reached XP level 1. HP: 16/16 MP: 3/3
   184 | D:1      | Reached XP level 2. HP: 20/23 MP: 5/5
   524 | D:2      | Reached XP level 3. HP: 5/29 MP: 6/6
   531 | D:2      | Learned a level 2 spell: Sticks to Snakes
   652 | D:2      | Found a hide-covered altar of Uskayaw.
   652 | D:2      | Noticed a dagger
   652 | D:2      | Noticed a hand axe
   915 | D:2      | Became a worshipper of Uskayaw the Reveler
   941 | D:2      | Noticed Terence
   960 | D:2      | Reached * piety under Uskayaw
   966 | D:2      | Reached ** piety under Uskayaw
   971 | D:2      | Gained mutation: Your tail ends in a poisonous barb. [potion of mutation]
   971 | D:2      | Gained mutation: You are clumsy. (Dex -2) [potion of mutation]
   971 | D:2      | Lost mutation: You are clumsy. (Dex -2) [potion of mutation]
   973 | D:2      | Slain by Terence

Vault maps used:
D:1:      elethiomel_arrival_shortcut
D:2:      dancing_weapons_uskayaw, gammafunk_temple_overflow_elements,
          first_ration, uniq_terence

Skill      XL: |  1  2  3 |
---------------+----------+-----
Dodging        | 2 |  2.2
Fighting       | 2 |  2.0
Unarmed Combat | |  3.3
Spellcasting   | |  2.4
Transmutations | |  2.5
Invocations    | |  0.1

Action                   || total
-------------------------++-------
Melee: Unarmed           ||   111
       Tailslap          ||    13
       Kick              ||     7
       Headbutt          ||     4
Throw: Stone             ||     5
 Cast: Beastly Appendage ||    14
Invok: Line Pass         ||     1
  Use: Potion            ||     2
Armor: Skin              ||    49
Dodge: Dodged            ||    77

Table legend:
 A = Spawn XP
 B = Non-spawn XP
 C = Spawn XP percentage of total XP
 D = Spawn monster count
 E = Non-spawn monster count
 F = Spawn count percentage of total count
 G = Total turns spent on level
                    A         B        C        D         E        F      G
               +---------+---------+-------+---------+---------+-------+---------
         Total |       0 |      79 |   0.0 |       0 |      29 |   0.0 |   973
               +---------+---------+-------+---------+---------+-------+---------
           D:1 |       0 |      41 |   0.0 |       0 |      15 |   0.0 |   597
           D:2 |       0 |      38 |   0.0 |       0 |      14 |   0.0 |   376
               +---------+---------+-------+---------+---------+-------+---------
